Map: Frost LE

Players

Nickos

  • Race: Terran Terran
  • League: Gold

Logik - Winner!

  • Race: Zerg Zerg
  • League: Platinum

VOD

Have the link to the VOD?

Description

Time

  • Played on: Sept. 29, 2016, 3:02 a.m.
  • Length: 7:50
Show
View Real Time Build Order
Export as new Build Order

Nickos Terran 

Build Orders:  

Get SALT Encoding   

  12  0:01  SCV  
  13  0:13  SCV  
  14  0:18  Supply Depot  
  14  0:25  SCV  
  15  0:39  SCV  
  15  0:40  Barracks  
  16  0:51  SCV  
  17  1:04  SCV  
  18  1:16  SCV  
  19  1:21  Command Center  
  19  1:29  Orbital Command  
  19  1:33  Marine  
  20  1:47  Barracks  
  20  1:55  Supply Depot  
  20  1:56  SCV  
  21  2:07  Marine  
  22  2:09  SCV  
  23  2:19  Barracks  
  23  2:21  SCV  
  24  2:24  Marine  
  25  2:32  Refinery x2  
  25  2:38  Orbital Command, SCV  
  25  2:42  Marine  
  27  2:46  Marine  
  27  2:50  SCV  
  28  3:02  Bunker, Marine  
  28  3:04  SCV  
  28  3:05  SCV  
  31  3:16  Barracks Tech Lab  
  31  3:17  Supply Depot, SCV  
  31  3:18  Barracks Reactor  
  32  3:20  Supply Depot  
  32  3:21  SCV  
  33  3:27  Barracks Reactor  
  33  3:29  SCV  
  33  3:33  SCV  
  35  3:39  Supply Depot  
  35  3:41  SCV  
  36  3:43  Marine, Factory  
  36  3:46  SCV  
  38  3:49  Supply Depot  
  38  3:53  SCV  
  39  3:58  Supply Depot  
  39  4:00  SCV  
  40  4:05  SCV  
  40  4:09  Marine x2, Marauder  
  45  4:12  SCV  
  45  4:14  Stimpack  
  45  4:16  Marine  
  47  4:17  Marine, SCV  
  49  4:24  SCV  
  49  4:27  Factory Reactor  
  49  4:29  SCV  
  51  4:32  Starport  
  51  4:35  Marine  
  51  4:36  SCV, Marine  
  51  4:37  Marine  
  51  4:38  Marine  
  56  4:41  SCV  
  56  4:44  Marauder  
  59  4:48  SCV  
  60  4:53  SCV  
  60  4:54  Marine x2  
  60  4:55  Marine  
  60  4:59  Marine  
  65  5:00  SCV  
  65  5:05  SCV, Marauder  
  69  5:10  Supply Depot  
  69  5:12  SCV  
  69  5:13  Marine x3  
  73  5:16  Medivac x2  
  73  5:17  Marine  
  73  5:20  SCV  
  79  5:25  SCV  
  79  5:26  Marine  
  81  5:31  Marine  
  81  5:32  SCV  
  81  5:35  Marine x3  
  85  5:37  SCV  
  87  5:43  Engineering Bay  
  87  5:44  SCV  
  87  5:45  Engineering Bay, Marauder  
  87  5:47  Supply Depot  
  87  5:49  Medivac, Barracks, SCV  
  93  5:56  SCV  
  94  6:08  Marine x4  
  94  6:09  Medivac  
  102  6:11  Marauder  
  102  6:21  Supply Depot  
  102  6:22  Refinery  
  102  6:25  Widow Mine, Supply Depot  
  104  6:29  SCV x2  
  106  6:41  SCV  
  94  6:48  Marine  
  94  6:49  Marine x3  
  94  6:50  Barracks Tech Lab  
  77  6:57  Medivac  
  79  7:09  Marine x4  
  79  7:10  Marine x2  
  78  7:27  Marine x3  
  78  7:28  Marauder x2  
  78  7:29  Marine  
Show
View Real Time Build Order
Export as new Build Order

Logik Zerg - Winner!

Build Orders: Hatch First 

Get SALT Encoding   

  12  0:03  Drone  
  13  0:15  Overlord  
  13  0:20  Drone  
  14  0:23  Extractor  
  14  0:24  Drone  
  15  0:33  Drone  
  16  0:37  Drone  
  17  0:57  Hatchery  
  16  1:04  Drone  
  16  1:05  Drone  
  18  1:20  Spawning Pool, Extractor  
  18  1:22  Drone  
  18  1:24  Drone  
  18  1:31  Drone  
  19  1:51  Drone  
  20  1:57  Drone, Hatchery  
  20  2:12  Queen  
  20  2:13  Queen  
  24  2:17  Drone  
  24  2:20  Drone  
  26  2:23  Drone  
  27  2:30  Overlord  
  27  2:35  Drone  
  28  2:40  Extractor  
  28  2:41  Drone  
  29  2:51  Queen  
  29  2:54  Drone x2  
  29  2:55  Drone  
  34  3:02  Drone  
  35  3:07  Roach Warren  
  35  3:08  Drone  
  35  3:12  Drone  
  36  3:13  Drone  
  36  3:19  Overlord  
  37  3:23  Drone  
  37  3:24  Drone  
  39  3:30  Queen  
  39  3:32  Drone  
  42  3:35  Overlord  
  42  3:41  Drone x3  
  45  3:49  Roach  
  45  3:50  Roach  
  49  4:02  Roach x4  
  57  4:09  Drone  
  58  4:10  Overlord x2  
  58  4:11  Overlord x2  
  58  4:16  Lair  
  58  4:26  Extractor  
  58  4:27  Drone x3, Extractor x2  
  58  4:40  Drone x4  
  58  4:41  Drone x6  
  58  4:42  Drone  
  69  4:50  Drone  
  69  4:51  Drone x2  
  72  5:01  Metabolic Boost  
  72  5:03  Zergling x4  
  72  5:04  Zergling x10  
  79  5:11  Overlord x3  
  79  5:25  Roach x3  
  79  5:26  Roach x2  
  89  5:30  Drone x3  
  92  5:42  Overlord x3  
  92  5:46  Drone, Extractor  
  92  5:47  Glial Reconstitution, Extractor  
  91  5:50  Ravager x2  
  91  5:53  Drone  
  91  5:54  Drone x2  
  91  5:57  Drone x3  
  98  5:59  Drone x3  
  102  6:17  Zergling x8  
  102  6:18  Zergling x8  
  110  6:20  Spire  
  109  6:26  Drone x2  
  109  6:27  Infestation Pit, Drone x2  
  109  6:28  Drone x2  
  114  6:34  Spore Crawler  
  114  6:37  Spine Crawler  
  105  6:47  Roach  
  105  6:48  Roach x9  
  105  6:53  Roach  
  105  6:54  Roach x2  
  126  7:01  Overlord x2  
  126  7:03  Pneumatized Carapace  
  126  7:08  Roach  
  125  7:20  Roach x4  
  131  7:28  Roach x2  
  131  7:31  Zergling x4  
Tags
 
Matchup
TvZ
Replay Pack
Nickos replay
Add a new tag
Caveats
  • Supply blocks, unpowered buildings, or Contaminate may cause inaccurate times.
  • Supply counts are checked every 10 seconds.